 Dungeon Crawl Stone Soup version 0.31-a0-875-g02e7d12df6 (webtiles) character file.

Game seed: 16871568689613325142

18 pokeman the Magician (level 2, -1/16 HPs)
             Began as a Deep Elf Hedge Wizard on Oct 13, 2023.
             Slain by a worm (8 damage)
             ... on level 2 of the Dungeon.
             The game lasted 00:01:27 (1047 turns).

pokeman the Magician (Deep Elf Hedge Wizard)        Turns: 1047, Time: 00:01:28

Health: -1/16      AC:  2    Str: 13    XL:     2   Next: 48%
Magic:  0/9        EV: 12    Int: 18    God:
Gold:   77         SH:  0    Dex: 14    Spells: 9/10 levels left

rFire   . . .        a - +0 dagger
rCold   . . .        (no shield)
rNeg    . . .        b - +0 robe
rPois   .            c - +0 hat
rElec   .            (no cloak)
rCorr   .            (no gloves)
SInv    .            (no boots)
Will    .....        (no amulet)
Stlth   ++           h - +6 ring of strength
HPRegen 0.22/turn    (no ring)
MPRegen 0.11/turn

%: no passive effects
@: no status effects
A: no striking features
a: no special abilities


You were on level 2 of the Dungeon.
You visited 1 branch of the dungeon, and saw 2 of its levels.

You collected 77 gold pieces.

Inventory:

Hand Weapons
 a - a +0 dagger (weapon)
Armour
 b - a +0 robe (worn)
 c - a +0 hat (worn)
Jewellery
 h - a +6 ring of strength (left hand)
Scrolls
 e - a scroll of enchant weapon {unknown}
 i - 3 scrolls of fear {unknown}
Potions
 d - a potion of magic
 f - a potion of might {unknown}
 g - a potion of mutation {unknown}
 j - a potion of lignification {unknown}
 k - a potion of cancellation {unknown}


   Skills:
 + Level 0.5 Fighting
 + Level 0.5 Armour
 - Level 2.4 Dodging
 - Level 2.4 Stealth
 * Level 4.9 Spellcasting
 + Level 1.5 Conjurations
 - Level 1.1 Summonings
 - Level 1.1 Translocations


You had 9 spell levels left.
You knew the following spells:

 Your Spells              Type           Power      Damage    Failure   Level
a - Magic Dart            Conj           36%        1d4       7%          1

Your spell library contained the following spells:

 Spells                   Type           Power      Damage    Failure   Level
 Summon Small Mammal      Summ           32%        N/A       9%          1
 Blink                    Tloc           16%        N/A       13%         2
 Call Imp                 Summ           16%        N/A       13%         2
 Slow                     Hex            16%        N/A       14%         1
 Cigotuvi's Dreadful Rot  Necr/Pois/Air  8%         N/A       21%         2
 Call Canine Familiar     Summ           8%         N/A       26%         3
 Mephitic Cloud           Conj/Pois/Air  6%         N/A       32%         3
 Summon Guardian Golem    Hex/Summ       6%         N/A       32%         3


Dungeon Overview and Level Annotations

Branches:
Dungeon (2/15)

Altars:


Message History

You hit the worm but do no damage.
The worm is almost dead.
The worm bites you.
You hit the worm but do no damage.
The worm is severely wounded.
You hit the worm but do no damage.
The worm is severely wounded.
The worm bites you.
You hit the worm.
The worm is almost dead.
You barely miss the worm.
The worm is almost dead.
The worm barely misses you.
You hit the worm but do no damage.
The worm is almost dead.
The worm bites you.
You hit the worm but do no damage.
The worm is severely wounded.
You barely miss the worm.
The worm is severely wounded.
The worm bites you.
You hit the worm. You punch the worm, but do no damage.
The worm is severely wounded.
You hit the worm but do no damage.
The worm is severely wounded.
The worm barely misses you.
Casting: Magic Dart (safe; 7% risk of failure)
Confirm with . or Enter, or press ? or * to list all spells.
Aiming: Magic Dart (safe; 7% risk of failure)
Press: ? - help, Shift-Dir - straight line, f/p - worm
Aim: a worm (severely wounded, 100% to hit)
The magic dart hits the worm.
The worm is severely wounded.
The worm barely misses you.
Unknown command.
You hit the worm.
The worm is severely wounded.
The worm bites you!
Ouch! That really hurt!
You die...

##########......##
#...............#
#...............#
#...............#
#..........##+###
#..........#
#..........#
#######'#### #.@.#
#w### ...# ......
.....##. ....( ..
..... .. .### ###


You could see a worm.

Vanquished Creatures
  An adder (D:2)
  A bat (D:1)
  2 hobgoblins (D:1)
  A ball python (D:1)
  2 frilled lizards (D:1)
  3 kobolds
  A rat (D:1)
11 creatures vanquished.

Notes
Turn   | Place    | Note
-------+----------+-------------------------------------------
     0 | D:1      | pokeman the Deep Elf Hedge Wizard began the quest for the
                  | Orb.
     0 | D:1      | Reached XP level 1. HP: 10/10 MP: 7/7
   481 | D:1      | Reached XP level 2. HP: 16/16 MP: 5/9
  1047 | D:2      | Slain by a worm

Illustrated notes

Levels and vault maps discovered:
D:1:      dpeg_arrival_fog, layout_loops_ring, minmay_tree_intersection
D:2:      layout_basic

Action                     || total
---------------------------++-------
  Melee: Dagger            ||    14
         Punch             ||     1
   Cast: Magic Dart        ||    42
 Armour: Robe              ||    10
  Dodge: Dodged            ||    14

Table legend: (Time is in decaauts)
 A = Elapsed time spent in this place.
 B = Non-inter-level travel time spent in this place.
 C = Inter-level travel time spent in this place.
 D = Time resting spent in this place.
 E = Time spent auto-exploring this place.
 F = Levels seen in this place.
 G = Mean time per level.
                   A        B        C        D        E       F      G
               +--------+--------+--------+--------+--------+-----+--------+
         Total |   1046 |   1042 |      4 |      0 |    943 |   2 |  523.0 |
       Dungeon |   1046 |   1042 |      4 |      0 |    943 |   2 |  523.0 |
               +--------+--------+--------+--------+--------+-----+--------+

Top non-repeatable levels by time:
     D:1: 879 daAuts
     D:2: 166 daAuts
